 Dungeon Crawl Stone Soup version 0.31.0-12-g77e489cdc1 (webtiles) character file.

Game seed: 11225734381996978790

935 Silvore the Slasher (level 7, -1/81 HPs)
             Began as a Demonspawn Fighter on Feb 15, 2024.
             Succumbed to a water moccasin's poison
             ... on level 4 of the Dungeon.
             The game lasted 00:07:50 (4480 turns).

Silvore the Slasher (Demonspawn Fighter)            Turns: 4480, Time: 00:07:50

Health: -1/81      AC: 13    Str: 18    XL:     7   Next: 87%
Magic:  7/7        EV:  4    Int:  8    God:
Gold:   231        SH: 10    Dex: 13    Spells: 6/6 levels left

rFire   . . .        a - +1 long sword
rCold   . . .        o - +1 kite shield
rNeg    . . .        r - +0 plate armour
rPois   .            (no helmet)
rElec   .            (no cloak)
rCorr   .            (no gloves)
SInv    .            s - +0 pair of boots
Will    .....        j - amulet of the acrobat Stlth
                     (no ring)
HPRegen 0.33/turn    (no ring)
MPRegen 0.10/turn

%: acrobat
@: brilliant, berserking, lethally poisoned (-1 -> -13), very quick
A: hooves 1, demonic magic 1
a: no special abilities


You were on level 4 of the Dungeon.
You visited 1 branch of the dungeon, and saw 5 of its levels.
You also visited: Sewer.

You collected 231 gold pieces.

Inventory:

Hand Weapons
 a - a +1 long sword (weapon)
Armour
 b - a +0 scale mail
 c - a +0 buckler
 o - a +1 kite shield (worn)
 r - a +0 plate armour (worn)
 s - a +0 pair of boots (worn)
 v - a +0 chain mail
Jewellery
 j - an amulet of the acrobat (around neck)
 m - a ring of magical power
Wands
 t - a wand of polymorph (4)
 u - a wand of roots (8)
Scrolls
 d - a scroll of enchant weapon
 g - 2 scrolls of fear
 l - 2 scrolls of immolation
 p - 2 scrolls of teleportation
 w - a scroll of identify
Potions
 f - 2 potions of haste
 h - a potion of ambrosia
 k - 3 potions of magic
 n - a potion of invisibility {unknown}
 q - a potion of attraction {unknown}


   Skills:
 + Level 4.0 Fighting
 + Level 5.3 Long Blades
 + Level 5.1 Armour
 + Level 2.0 Dodging
 + Level 0.2 Stealth
 + Level 4.1 Shields
 + Level 0.2 Unarmed Combat


You had 6 spell levels left.
You didn't know any spells.
Your spell library contained the following spells:

 Spells                   Type           Power      Damage    Failure   Level
 Call Canine Familiar     Summ           0%         N/A       100%        3
 Sigil of Binding         Hex            0%         N/A       100%        3
 Dimensional Bullseye     Hex/Tloc       0%         N/A       100%        4


Dungeon Overview and Level Annotations

Branches:
Dungeon (5/15)              Sewer (visited)
 Temple: D:4-7

Altars:
Ashenzari

Shops:
D:2 *


Innate Abilities, Weirdness & Mutations

You have large cloven feet.
Spells you cast may paralyse adjacent enemies.


Message History

You're too confused to move!
You feel very sick.
The water moccasin bites you but does no damage.
You closely miss the water moccasin.
The water moccasin is lightly wounded.
You feel less invigorated.
You feel less confused.
You feel very sick. You block the water moccasin's attack.
The water moccasin bites you but does no damage.
You hit the water moccasin.
The water moccasin is moderately wounded.
You feel sick. The water moccasin bites you!
You are more poisoned.
The water moccasin poisons you! The water moccasin bites you!
* * * LOW HITPOINT WARNING * * *
You closely miss the water moccasin.
The water moccasin is moderately wounded.
* * * LOW HITPOINT WARNING * * *
You feel very sick.
The water moccasin bites you but does no damage.
The water moccasin bites you.
* * * LOW HITPOINT WARNING * * *
You are more poisoned.
The water moccasin poisons you!
It was a potion of berserk rage.
A red film seems to cover your vision as you go berserk!
You feel yourself moving faster!
You feel mighty!
* * * LOW HITPOINT WARNING * * *
You feel very sick.
The water moccasin bites you but does no damage.
You are too berserk!
You slash the water moccasin!
The water moccasin is severely wounded.
* * * LOW HITPOINT WARNING * * *
You feel very sick.
The water moccasin bites you but does no damage. x2
You slash the water moccasin!
You kill the water moccasin!
You die...

#.###.........## ##....#
..###..........# ###..#...
.##............# ##..#####.
###............# ##..## ## #
##...........# ###..##
##......<..#### ##...##
####.............###....##
#........................##
<....##.....>##.@†..>.....###
...#####.....###............###
.### ###..##......(.........## .#
####...................## .##
####.......................#
..####...........................
..........######..#..............
.....###### #..###............
..#### #### #######..#.##


There were no monsters in sight!

Vanquished Creatures
  Grinder (D:3)
  2 water moccasins
  Pargi (Sewer)
  A brain worm (Sewer)
  A scorpion (D:5)
  A crimson imp (D:4)
  A hound (D:5)
  An orc priest (D:5)
  Natasha (twice) (D:4)
  2 iguanas
  Ijyb (D:3)
  4 gnolls
  6 adders
  A white imp (D:4)
  2 dart slugs
  2 ribbon worms
  6 orcs
  5 endoplasms
  7 giant cockroaches
  12 goblins
  5 hobgoblins
  3 jackals (D:1)
  3 quokkas
  7 ball pythons
  8 bats
  7 frilled lizards
  7 kobolds
  6 rats
105 creatures vanquished.

Notes
Turn   | Place    | Note
-------+----------+-------------------------------------------
     0 | D:1      | Silvore the Demonspawn Fighter began the quest for the Orb.
     0 | D:1      | Reached XP level 1. HP: 18/18 MP: 1/1
   136 | D:1      | Gained mutation: You have large cloven feet. [demonic
                  | ancestry]
   136 | D:1      | Reached XP level 2. HP: 24/24 MP: 2/2
   316 | D:1      | Reached XP level 3. HP: 11/29 MP: 3/3
   719 | D:2      | Found a broken altar of Ashenzari.
   885 | D:2      | Found a faded altar of an unknown god.
   993 | D:2      | Found Lipp's Assorted Antiques.
  1041 | D:2      | Reached XP level 4. HP: 35/35 MP: 4/4
  1248 | D:2      | Identified the +0 ring mail "Veats" {Int+2}
  1520 | D:3      | Reached skill level 1 in Dodging
  1683 | D:3      | Noticed Grinder
  1701 | D:3      | Killed Grinder
  1702 | D:3      | Reached XP level 5. HP: 6/41 MP: 5/5
  1702 | D:3      | Gained mutation: Spells you cast may paralyse adjacent
                  | enemies. [demonic ancestry]
  1702 | D:3      | Reached XP level 6. HP: 7/47 MP: 6/6
  2043 | D:3      | Noticed Ijyb
  2091 | D:3      | Killed Ijyb
  2805 | D:4      | Noticed Natasha
  2815 | D:4      | Killed Natasha
  2907 | D:4      | Found a glowing drain.
  2925 | Sewer    | Entered a sewer
  3031 | Sewer    | Noticed Pargi
  3045 | Sewer    | Killed Pargi
  3046 | Sewer    | Reached XP level 7. HP: 40/53 MP: 7/7
  3531 | D:4      | Noticed Natasha
  3540 | D:4      | Killed Natasha
  3834 | D:5      | Entered Level 5 of the Dungeon
  4202 | D:5      | Reached skill level 5 in Long Blades
  4375 | D:5      | Reached skill level 5 in Armour
  4478 | D:4      | HP: 4/81 [poisoned by a water moccasin]
  4479 | D:4      | HP: 1/81 [poisoned by a water moccasin]
  4480 | D:4      | Succumbed to a water moccasin's poison

Illustrated notes

Levels and vault maps discovered:
D:1:      amcnicky_arrival_single_pillar, layout_rooms
D:2:      layout_loops_ring, basic_altar, serial_shops,
          nicolae_shop_tiny_real_fake_doors, hellmonk_ecumenical_altar_blasted
D:3:      layout_loops_ring, uniq_ijyb, uniq_grinder
D:4:      layout_cave_pods, cheibrodos_sewer_entry_drain,
          minmay_fire_ice_demons, uniq_natasha
D:5:      layout_rooms

Skill      XL: |  1  2  3  4  5  6  7 |
---------------+----------------------+-----
Long Blades    | 2 4 5 |  5.3
Shields        | 3 4 |  4.1
Armour         | 3 4 5 |  5.1
Dodging        | 1 2 |  2.0
Fighting       | 4 |  4.0
Stealth        | |  0.2
Unarmed Combat | |  0.2

Action                     |  1- 3 |  4- 6 |  7- 9 || total
---------------------------+-------+-------+-------++-------
  Melee: Long sword        |   135 |   140 |   122 ||   397
         Kick              |    21 |    28 |     7 ||    56
         Unarmed           |       |    14 |       ||    14
    Use: Scroll            |     2 |     7 |     2 ||    11
         Potion            |       |     1 |     5 ||     6
   Stab: Confused          |       |     1 |       ||     1
 Armour: Scale mail        |   118 |    46 |       ||   164
         Chain mail        |       |    61 |    27 ||    88
         Skin              |       |     6 |       ||     6
         Plate armour      |       |       |    75 ||    75
  Dodge: Dodged            |   102 |    89 |    37 ||   228
  Block: Buckler           |    40 |     3 |       ||    43
         Kite shield       |       |    73 |    81 ||   154
